 Dungeon Crawl Stone Soup version 0.19-a0-1821-g42c593c (webtiles) character file.

60 Amnesiac the Cudgeler (level 4, -2/48 HPs)
             Began as an Ogre Abyssal Knight on Oct 6, 2016.
             Was a Believer of Lugonu.
             Slain by an ooze (5 damage)
             ... on level 1 of the Dungeon.
             The game lasted 00:01:17 (594 turns).

Amnesiac the Cudgeler (Ogre Abyssal Knight)          Turns: 594, Time: 00:01:18

Health: -2/48      AC:  3    Str: 17    XL:     4   Next: 6%
Magic:  5/5        EV: 10    Int: 11    God:    Lugonu [**....]
Gold:   26         SH:  0    Dex: 10    Spells: 0 memorised, 3 levels left

rFire  . . .     SeeInvis .     a - +1 mace
rCold  . . .     Gourm    .     b - +0 robe
rNeg   . . .     Faith    .     (no shield)
rPois  .         Spirit   .     (helmet restricted)
rElec  .         Dismiss  .     (no cloak)
rCorr  .         Reflect  .     (gloves unavailable)
MR     .....     Harm     .     (boots unavailable)
Stlth  +.........               (no amulet)
                                (no ring)
                                (no ring)

@: no status effects
A: unfitting armour, tough skin 1
a: Depart the Abyss, Bend Space, Renounce Religion


You were on level 1 of the Dungeon.
You worshipped Lugonu.
Lugonu was pleased with you.
You were not hungry.

You visited 1 branch of the dungeon, and saw 1 of its levels.
You visited the Abyss 1 time.

You collected 26 gold pieces.

Inventory:

Hand Weapons
 a - a +1 mace (weapon)
Armour
 b - a +0 robe (worn)
Scrolls
 d - a scroll of amnesia {unknown}
 g - a scroll of blinking {unknown}
 h - 2 scrolls of teleportation {unknown}
Potions
 e - 2 potions of degeneration {unknown}
 f - a potion of ambrosia {unknown}
 i - a potion of berserk rage {unknown}
 k - a potion of agility {unknown}
Comestibles
 c - 2 bread rations


   Skills:
 + Level 4.2 Fighting
 * Level 5.3 Maces & Flails
 - Level 2.1 Dodging
 - Level 2.0 Invocations


You had 3 spell levels left.
You didn't know any spells.

Dungeon Overview and Level Annotations

Branches:
Dungeon (1/15)

Altars:


Innate Abilities, Weirdness & Mutations

You are too large for most types of armour.
You have tough skin. (AC +1)


Message History

You are too injured to fight recklessly!
You are too injured to fight recklessly!
You barely miss the giant cockroach.
The giant cockroach is almost dead.
The giant cockroach closely misses you. The giant cockroach barely misses you.
You are too injured to fight recklessly!
You hit the giant cockroach.
You kill the giant cockroach!
Lugonu accepts your kill. The rat bites you but does no damage.
You hit the rat.
You kill the rat!
Lugonu accepts your kill.
You completely miss the ooze. The ooze barely misses you.
You barely miss the ooze. The ooze hits you.
* * * LOW HITPOINT WARNING * * *
You hit the ooze.
The ooze is heavily wounded.
The ooze hits you.
You die...

#.##..##.........#.............#.
#.##..##.........# ............#.
#.##..##.........# r........ #.
#....>>..........#######'#######.
##.......######..#.....s.......#.
#.......# #.s'⌠..Jr###....⌠+.
#.......# ##r#..s...<......#(
#.......# #J#..⌠...>...⌠..#.
#.......# #@###+#######'###.
######### #.................
###########..#.#.# #......#
######.# #.# #.# #.# #.#


You could see an ooze, a giant cockroach and a rat.

Vanquished Creatures
  4 oozes (D:1)
  A dart slug (D:1)
  3 giant cockroaches (D:1)
  3 goblins (D:1)
  2 hobgoblins (D:1)
  10 jackals (D:1)
  3 kobolds (D:1)
  A ball python (D:1)
  4 bats (D:1)
  4 frilled lizards (D:1)
  3 rats (D:1)
38 creatures vanquished.

Notes
Turn   | Place    | Note
-------+----------+-------------------------------------------
     0 | Abyss:1  | Amnesiac the Ogre Abyssal Knight began the quest for the Orb.
     0 | Abyss:1  | Reached XP level 1. HP: 24/24 MP: 2/2
    45 | D:1      | Escaped the Abyss
    47 | D:1      | Found a runed door.
    59 | D:1      | Reached skill level 3 in Maces & Flails
   153 | D:1      | Reached XP level 2. HP: 32/32 MP: 3/3
   248 | D:1      | Reached skill level 4 in Maces & Flails
   342 | D:1      | Reached ** piety under Lugonu
   421 | D:1      | Reached XP level 3. HP: 26/39 MP: 4/4
   540 | D:1      | Reached skill level 5 in Maces & Flails
   582 | D:1      | Reached XP level 4. HP: 8/48 MP: 5/5
   594 | D:1      | Slain by an ooze

Vault maps used:
D:1:      dpeg_arrival_caged_fury, minmay_tree_intersection

Skill      XL: |  1  2  3 |
---------------+----------+-----
Maces & Flails | 3 4 5 |  5.3
Fighting       | |  4.2
Dodging        | |  2.1
Invocations    | |  2.0

Action                   |  1- 3 |  4- 6 || total
-------------------------+-------+-------++-------
Melee: Mace              |   106 |    11 ||   117
Armor: Robe              |    50 |     5 ||    55
Dodge: Dodged            |    90 |     3 ||    93
